 Dungeon Crawl Stone Soup version 0.18-a0-1670-gb40d73e (webtiles) character file.

104 Kidiri the Magician (level 4, 0/25 HPs)
             Began as a Deep Elf Fire Elementalist on Apr 1, 2016.
             Slain by an orc wizard
             ... wielding a +0 dagger
              (6 damage)
             ... on level 3 of the Dungeon.
             The game lasted 00:05:24 (1773 turns).

Kidiri the Magician (Deep Elf Fire Elementalist)    Turns: 1773, Time: 00:05:24

Health: 0/25       AC:  2    Str:  5    XL:     4   Next: 52%
Magic:  12/12      EV: 13    Int: 21    God:
Gold:   72         SH:  0    Dex: 15    Spells: 4 memorised, 2 levels left

rFire  . . .     SeeInvis .     n - +1 dagger (venom)
rCold  . . .     Gourm    .     a - +0 robe
rNeg   . . .     Faith    .     (no shield)
rPois  .         Spirit   .     (no helmet)
rElec  .         Dismiss  .     (no cloak)
rCorr  .         Reflect  .     (no gloves)
SustAt .         Harm     .     (no boots)
MR     .....                    (no amulet)
Stlth  ++........               (no ring)
                                (no ring)

@: very slightly contaminated, not resistant to hostile enchantments, unstealthy
A: no striking features
a: no special abilities


You were on level 3 of the Dungeon.
You were not hungry.

You visited 1 branch of the dungeon, and saw 3 of its levels.

You collected 72 gold pieces.

Inventory:

Hand Weapons
 n - a +1 dagger of venom (weapon)
Armour
 a - a +0 robe (worn)
Scrolls
 h - a scroll of remove curse {unknown}
 i - a scroll of blinking {unknown}
 j - a scroll of fog {unknown}
 k - a scroll of random uselessness {unknown}
 l - a scroll of magic mapping {unknown}
Potions
 e - a potion of heal wounds {unknown}
 g - a potion of flight {unknown}
Books
 b - a book of Flames

   Spells                             Type                      Level
   a - Flame Tongue                   Conjuration/Fire             1
   b - Throw Flame                    Conjuration/Fire             2
   c - Conjure Flame                  Conjuration/Fire             3
   d - Inner Flame                    Hexes/Fire                   3
   e - Sticky Flame                   Conjuration/Fire             4
   f - Fireball                       Conjuration/Fire             5
Comestibles
 c - 2 bread rations
 f - 3 fruits
 m - 4 chunks of flesh


   Skills:
 + Level 1.0 Fighting
 + Level 3.2 Dodging
 - Level 2.4 Stealth
 * Level 4.1 Spellcasting
 + Level 2.1 Conjurations
 + Level 1.0 Hexes
 + Level 4.0 Fire Magic


You had 2 spell levels left.
You knew the following spells:

 Your Spells              Type           Power        Failure   Level  Hunger
a - Flame Tongue          Conj/Fire      ###..        3%          1    None
b - Throw Flame           Conj/Fire      ###...       6%          2    #......
c - Conjure Flame         Conj/Fire      ###.....     12%         3    ###....
d - Inner Flame           Hex/Fire       ##......     14%         3    ###....


Dungeon Overview and Level Annotations

Branches:
Dungeon (2/15)

Altars:


Message History

It was a potion of magic.
Magic courses through your body.
Casting: Flame Tongue
Confirm with . or Enter, or press ? or * to list all spells.
You can't see any susceptible monsters within range! (Use Z to cast anyway.) Unknown command.
Unknown command.
Casting: Flame Tongue
Confirm with . or Enter, or press ? or * to list all spells.
You don't know that spell.
You closely miss something. Something barely misses you.
Unknown command.
Casting: Flame Tongue
Confirm with . or Enter, or press ? or * to list all spells.
Aiming: Flame Tongue
Press: ? - help, Shift-Dir - straight line, f - orc
Aim: an orc, wielding a hand axe The flame tongue hits the orc.
The orc is moderately wounded.
Something hits you.
You die...

#. .. #. #.
#. #.
######.######
.......@....#
.########o#.#
#####.#
#...†o#
#.##..# #.l#
#..# .....
######.


You could see an orc.

Vanquished Creatures
  An orc wizard (D:3)
  Ijyb (D:2)
  2 oozes (D:1)
  A worm (D:2)
  2 dart slugs (D:1)
  2 giant geckos (D:1)
  An orc (D:3)
  3 bats
  5 giant cockroaches
  4 goblins (D:1)
  A hobgoblin (D:1)
  4 kobolds
  A ball python (D:1)
  2 giant newts (D:1)
  6 rats
36 creatures vanquished.

Notes
Turn   | Place    | Note
--------------------------------------------------------------
     0 | D:1      | Kidiri the Deep Elf Fire Elementalist began the quest for the Orb.
     0 | D:1      | Reached XP level 1. HP: 10/10 MP: 6/6
   123 | D:1      | Reached XP level 2. HP: 15/15 MP: 1/8
   127 | D:1      | Learned a level 2 spell: Throw Flame
   750 | D:1      | Reached XP level 3. HP: 8/19 MP: 6/10
   755 | D:1      | Learned a level 3 spell: Conjure Flame
   759 | D:1      | Learned a level 3 spell: Inner Flame
  1535 | D:2      | Noticed Ijyb
  1551 | D:2      | Killed Ijyb
  1562 | D:2      | Reached XP level 4. HP: 24/24 MP: 8/11
  1750 | D:2      | You fall through a shaft!
  1756 | D:3      | Reached skill level 1 in Fighting
  1756 | D:3      | Reached skill level 1 in Hexes
  1773 | D:3      | Slain by an orc wizard

Vault maps used:
D:1:      ncdulo_lavacross, serial_bayou_crossing
D:2:      uniq_iyjb
D:3:      first_bread, dk_yredelemnul_ordeal, uniq_jessica

Skill      XL: |  1  2  3  4 |
---------------+-------------+-----
Dodging        | 3 |  3.2
Conjurations   | 2 |  2.1
Fighting       | 1 |  1.0
Spellcasting   | 4 |  4.1
Hexes          | 1 |  1.0
Fire Magic     | 4 |  4.0
Stealth        | |  2.4

Action                   |  1- 3 |  4- 6 || total
-------------------------+-------+-------++-------
Melee: Unarmed           |     9 |       ||     9
       Dagger            |     3 |     4 ||     7
 Cast: Flame Tongue      |    46 |    12 ||    58
       Throw Flame       |     6 |     4 ||    10
  Use: Potion            |       |     1 ||     1
  Eat: Chunk             |     2 |     1 ||     3
